 Dungeon Crawl Stone Soup version 0.32-a0-42-ga30500b4d3 (webtiles) character file.

Game seed: 2454630693081494212

8437 LesserPlayer the Cleaver (level 11, -15/99 HPs)
             Began as a Minotaur Berserker on Jan 30, 2024.
             Was an Elder of Trog.
             Demolished by Erolcha
             ... wielding a +0 giant club
              (24 damage)
             ... on level 10 of the Dungeon on Jan 31, 2024.
             The game lasted 00:32:16 (12606 turns).

LesserPlayer the Cleaver (Minotaur Berserker)      Turns: 12606, Time: 00:32:16

Health: -15/99     AC: 16    Str: 27    XL:     11   Next: 9%
Magic:  10/10      EV: 10    Int:  4    God:    Trog [****..]
Gold:   638        SH:  0    Dex:  9    Spells: 10/10 levels left

rFire   . . .        z - +1 battleaxe
rCold   . . .        (shield currently unavailable)
rNeg    . . .        l - +0 plate armour
rPois   .            (helmet restricted)
rElec   .            x - +1 cloak
rCorr   .            (no gloves)
SInv    .            (no boots)
Will    .....        (no amulet) Stlth
                     (no ring)
HPRegen 0.36/turn    (no ring)
MPRegen 0.12/turn

%: no passive effects
@: hasted, very quick
A: horns 2, retaliatory headbutt
a: Renounce Religion, Berserk, Trog's Hand, Brothers in Arms


You were on level 10 of the Dungeon.
You worshipped Trog.
Trog was greatly pleased with you.
You visited 2 branches of the dungeon, and saw 13 of its levels.

You collected 638 gold pieces.

Inventory:

Hand Weapons
 z - a +1 battleaxe (weapon)
Missiles
 e - 97 stones (quivered)
Armour
 b - a +0 buckler
 l - a +0 plate armour (worn)
 x - a +1 cloak (worn)
Jewellery
 t - an amulet of faith
 u - a +6 ring of intelligence
 w - the ring of Widal {Fire Will+ Int+5}
   (You found it on level 9 of the Dungeon)

   [ring of fire]

   Fire:      It enhances your fire magic.
   Int+5:     It affects your intelligence (+5).
   rF+:       It protects you from fire.
   rC-:       It makes you vulnerable to cold.
   Will+:     It increases your willpower.
Wands
 h - a wand of roots (9)
 o - a wand of flame (25)
 p - a wand of mindburst (3)
Scrolls
 a - a scroll of poison
 d - 3 scrolls of fog
 n - 2 scrolls of teleportation
Potions
 c - 2 potions of ambrosia
 f - 3 potions of might {unknown}
 g - 2 potions of haste
 i - 3 potions of degeneration
 j - 3 potions of curing
 k - 2 potions of brilliance {unknown}
 m - 2 potions of mutation
 q - a potion of cancellation {unknown}
 r - 2 potions of lignification
 s - 2 potions of berserk rage
 v - a potion of heal wounds {unknown}


   Skills:
 + Level 10.0 Fighting
 * Level 13.4 Axes
 + Level 9.6 Armour
 + Level 8.8 Dodging


You had 10 spell levels left.
You didn't know any spells.
Your spell library was empty.

Dungeon Overview and Level Annotations

Branches:
Dungeon (12/15)            Temple (1/1) D:7
   Lair: D:8-11         Orc: D:9-12

Altars:
Ashenzari
Cheibriados
Dithmenos
Elyvilon
Fedhas
Gozag
Hepliaklqana
Kikubaaqudgha
Makhleb
Nemelex Xobeh
Okawaru
Qazlal
Ru
Sif Muna
Trog
Uskayaw
Vehumet
Wu Jian
Xom
Yredelemnul
Zin
The Shining One

Shops:
D:8 (

Portals:
Gauntlet: D:11

Annotations:
D:10 Erolcha


Innate Abilities, Weirdness & Mutations

You have a pair of horns on your head.
You reflexively headbutt those who attack you in melee.


Message History

Okay, then.
You fail to use your ability.
Your two-headed ogre goes berserk!
Erolcha mumbles some strange words.
Erolcha flickers and vanishes!
You hear some strange, mumbled words.
A fireball appears from out of thin air!
The fireball explodes!
The fireball engulfs you!
The fireball engulfs your two-headed ogre!!
You hear a shout!
You hear a roar!
You hear a shout! x5
Your two-headed ogre rages.
An acid dragon comes into view.
An orc warrior comes into view. It is wielding a +0 halberd.
Okay, then.
Something hits you!!
* * * LOW HITPOINT WARNING * * *
You feel yourself speed up.
An orc comes into view. It is wielding a +0 morningstar.
The acid dragon spits acid at you. The splash of acid hits you!!
* * * LOW HITPOINT WARNING * * *
Something hits you.
* * * LOW HITPOINT WARNING * * *
Okay, then.
You closely miss something. You headbutt something!
An orc warrior comes into view.
It is wielding a +0 mace and wearing a +1 chain mail of fire resistance.
The orc warrior shouts!
A wyvern comes into view.
Something hits you.
* * * LOW HITPOINT WARNING * * *
You feel better.
The orc warrior unwields a +0 halberd.
The orc warrior wields a +0 orcbow.
The orc warrior shoots an arrow.
The arrow hits your two-headed ogre!
Your two-headed ogre barely misses the acid dragon.
Your two-headed ogre hits the acid dragon with a +0 giant club!!
The acid dragon dies!
Trog accepts your kill.
An orc warrior comes into view. It is wielding a +0 trident.
Something hits you!!
You die...

#######..# #..#
#...# #..# #..#
#...# ...# #..#
#...## ....# #..#
#..... .....# #..#
#..... >.....# #..#
#..... .......# #..#
#.....
........#########..#
#.....
....k..@........#
#.....
................#
#.....
................#
#.....
....Oo########..#
##..#. ...o..
#..#####... ..o...
#).#..###.# ....o
#......#### .....
###.......# #
#.ยง...#..####


You could see 3 orc warriors, a wyvern, an orc and a friendly two-headed ogre
(summoned, berserk).

Vanquished Creatures
  Pikel (D:7)
  A rust devil (D:10)
  3 trolls
  2 wraiths
  3 wyverns (D:9)
  9 yaks
  2 acid dragons
  A water moccasin (D:5)
  4 orc warriors
  2 black bears
  An ogre (D:6)
  3 wolves (D:8)
  4 centaurs
  3 phantoms
  2 kobold brigands (D:7)
  5 bullfrogs
  A gnoll sergeant (D:7)
  2 scorpions
  3 wights (D:4)
  A burial acolyte (D:5)
  3 killer bees (D:9)
  A howler monkey (D:9)
  4 bombardier beetles
  A jelly (D:6)
  5 orc priests
  2 hounds
  Jessica (D:3)
  Ijyb (D:3)
  2 iguanas (D:6)
  10 orc wizards
  2 hound zombies (D:5)
  8 adders
  16 gnolls
  3 shadow imps
  3 white imps
  An ufetubus (D:3)
  An adder zombie (D:5)
  2 dart slugs
  A ribbon worm (D:2)
  38 orcs
  2 endoplasms
  5 giant cockroaches
  A gnoll zombie (D:5)
  13 goblins
  10 hobgoblins
  5 jackals
  7 quokkas
  5 ball pythons
  5 bats
  6 frilled lizards
  12 kobolds
  3 kobold zombies (D:5)
  2 rats
234 creatures vanquished.

Vanquished Creatures (collateral kills)
  A red devil (D:10)
  4 yaks
  Grum (D:8)
  An acid dragon (D:10)
7 creatures vanquished.

Grand Total: 241 creatures vanquished

Notes
Turn   | Place    | Note
-------+----------+-------------------------------------------
     0 | D:1      | LesserPlayer the Minotaur Berserker began the quest for the
                  | Orb.
     0 | D:1      | Reached XP level 1. HP: 19/19 MP: 0/0
   223 | D:1      | Reached XP level 2. HP: 25/27 MP: 1/1
   272 | D:1      | Reached skill level 4 in Axes
   908 | D:2      | Reached XP level 3. HP: 32/33 MP: 2/2
  1015 | D:2      | Reached ** piety under Trog
  1241 | D:2      | Reached XP level 4. HP: 37/40 MP: 3/3
  1375 | D:2      | Found a faded altar of an unknown god.
  1702 | D:2      | Reached skill level 5 in Axes
  2009 | D:3      | Reached XP level 5. HP: 41/47 MP: 4/4
  2114 | D:3      | Noticed Ijyb
  2131 | D:3      | Killed Ijyb
  2454 | D:3      | Noticed Jessica
  2463 | D:3      | Killed Jessica
  2600 | D:3      | Found a glowing silver altar of Zin.
  2937 | D:3      | Reached XP level 6. HP: 55/55 MP: 5/5
  3020 | D:4      | Reached *** piety under Trog
  3022 | D:4      | Reached skill level 5 in Fighting
  3022 | D:4      | Reached skill level 6 in Axes
  3331 | D:4      | Found a bloodstained altar of Trog.
  3774 | D:4      | Reached XP level 7. HP: 61/61 MP: 6/6
  3914 | D:4      | Reached skill level 7 in Axes
  4073 | D:5      | Entered Level 5 of the Dungeon
  4410 | D:5      | Reached skill level 5 in Armour
  4669 | D:5      | Found a shimmering blue altar of Sif Muna.
  5109 | D:5      | Found an ancient bone altar of Kikubaaqudgha.
  5139 | D:5      | Reached skill level 8 in Axes
  5139 | D:5      | Reached skill level 5 in Dodging
  5139 | D:5      | Reached XP level 8. HP: 48/70 MP: 7/7
  5508 | D:6      | Reached **** piety under Trog
  5943 | D:6      | Found a glowing golden altar of the Shining One.
  6038 | D:6      | Reached skill level 9 in Axes
  6096 | D:6      | Reached XP level 9. HP: 48/79 MP: 8/8
  6972 | D:6      | Found a burning altar of Makhleb.
  6977 | D:6      | Reached skill level 10 in Axes
  7438 | D:7      | Found a basalt altar of Yredelemnul.
  8267 | D:7      | Found a staircase to the Ecumenical Temple.
  8272 | Temple   | Entered the Ecumenical Temple
  8364 | D:7      | Noticed Pikel
  8375 | D:7      | Killed Pikel
  8376 | D:7      | Reached skill level 11 in Axes
  8444 | D:7      | Found an ornate altar of the Wu Jian Council.
  8689 | D:8      | Found Meum's Weapon Boutique.
  9143 | D:8      | Noticed Grum
  9330 | D:8      | Reached XP level 10. HP: 90/90 MP: 9/9
  9334 | D:8      | Reached ***** piety under Trog
  9433 | D:8      | Killed Grum
 10534 | D:9      | Identified the ring of Widal {Fire Will+ Int+5}
 10775 | D:9      | Reached skill level 12 in Axes
 10950 | D:9      | Found a sacrificial altar of Ru.
 11067 | D:9      | Found a blossoming altar of Fedhas.
 11357 | D:10     | Entered Level 10 of the Dungeon
 11514 | D:10     | Found a hide-covered altar of Uskayaw.
 11528 | D:10     | You fall into a shaft and drop 2 floors!
 11719 | D:11     | Found a gate leading to a gauntlet.
 11835 | D:10     | Found a shimmering altar of Xom.
 11964 | D:10     | Noticed a rust devil
 11973 | D:10     | Killed a rust devil
 11974 | D:10     | Reached skill level 13 in Axes
 12082 | D:10     | Reached XP level 11. HP: 74/99 MP: 10/10
 12398 | D:10     | Reached skill level 10 in Fighting
 12550 | D:10     | Noticed Erolcha
 12604 | D:10     | HP: 3/99 [something (2)]
 12606 | D:10     | Demolished by Erolcha

Illustrated notes

Levels and vault maps discovered:
D:1:      roadster_arrival_rocket_small, layout_basic, minmay_misc_feat_chi
D:2:      layout_basic, shapermc_ecumenical_altar_acropolis, serial_glass,
          glass_columns_b, glass_columns_a
D:3:      layout_basic, zin_scriptorium, hangedman_feature_mirror, uniq_ijyb,
          uniq_jessica
D:4:      layout_basic, lightli_temple_of_fire, serial_aquarium,
          aquarium_bridge_long_joined [aquarium_subvault_bridge,
          aquarium_subvault_wall, aquarium_subvault_wall,
          aquarium_subvault_wall, aquarium_subvault_wall,
          aquarium_subvault_window], aquarium_bridge_straight
          [aquarium_subvault_bridge, aquarium_subvault_window,
          aquarium_subvault_bridge, aquarium_subvault_window],
          aquarium_window_1, aquarium_window_corner, aquarium_view_2d,
          aquarium_view_2f
D:5:      layout_loops_ring, regret_index_kikubaaqudgha_part_by_part,
          lemuel_round_altar
D:6:      layout_basic, makhleb_heckhound_becter, mainiacjoe_overflow_chevrons,
          corexii_corridor_pit, minmay_door_square
D:7:      layout_basic, mainiacjoe_overflow_catwalk,
          mainiacjoe_overflow_surrounded_room, minmay_temple_entry_nine_rooms,
          david_defended_altar_orc, uniq_pikel
D:8:      layout_layer_cave, serial_shops, nicolae_shop_crystal,
          minmay_misc_feat_pillars, uniq_grum
D:9:      layout_cave_pools, mainiacjoe_overflow_concentric_impassable,
          nicolae_overflow_hidden_temple, serial_column_ruins,
          column_ruins_square_huge, column_ruins_square_small,
          column_ruins_open_large, column_ruins_open_medium,
          column_ruins_open_medium, column_ruins_grid_1, column_ruins_columns_T
D:10:     layout_long_grid, mainiacjoe_overflow_alcove_2,
          regret_index_xom_buried_treasure, orc_david_3, serial_demonic,
          serial_demonic_b, serial_demonic_g, serial_demonic_f,
          serial_demonic_d, serial_shops, shop, chequers_serial_rivers_room_b,
          uniq_erolcha, uniq_urug
D:11:     layout_rooms, erik_lair_island, gauntlet_entry_generic, uniq_snorg
D:12:     layout_cave_pods
Temple:   dpeg_chambers_temple

Skill      XL: |  1  2  3  4  5  6  7  8  9 10 11 |
---------------+----------------------------------+-----
Axes           | 4 5 6 8 9 11 13 | 13.4
Fighting       | 4 5 6 7 8 9 10 | 10.0
Armour         | 3 4 5 6 8 9 |  9.6
Dodging        | 3 4 5 6 7 8 |  8.8

Action                     |  1- 3 |  4- 6 |  7- 9 | 10-12 || total
---------------------------+-------+-------+-------+-------++-------
  Melee: Hand axe          |    73 |   174 |   226 |       ||   473
         Headbutt          |     5 |    22 |    59 |    19 ||   105
         Punch             |     1 |     2 |     3 |       ||     6
         Battleaxe         |       |       |    92 |   130 ||   222
 Invoke: Berserk           |       |     4 |     6 |     3 ||    13
         Brothers in Arms  |       |       |       |     5 ||     5
         Trog's Hand       |       |       |       |     1 ||     1
    Use: Scroll            |       |       |    15 |     6 ||    21
         Potion            |       |       |       |     2 ||     2
   Stab: Distracted        |       |       |       |     1 ||     1
 Armour: Animal skin       |    18 |       |       |       ||    18
         Scale mail        |    16 |   101 |    30 |       ||   147
         Chain mail        |       |       |   185 |    15 ||   200
         Plate armour      |       |       |       |   131 ||   131
  Dodge: Dodged            |    43 |    81 |   131 |    61 ||   316

Table legend: (Time is in decaauts)
 A = Elapsed time spent in this place.
 B = Non-inter-level travel time spent in this place.
 C = Inter-level travel time spent in this place.
 D = Time resting spent in this place.
 E = Time spent auto-exploring this place.
 F = Levels seen in this place.
 G = Mean time per level.
                   A        B        C        D        E       F      G
               +--------+--------+--------+--------+--------+-----+--------+
         Total |  12743 |  12470 |    273 |   3267 |   6813 |  13 |  980.2 |
       Dungeon |  12741 |  12469 |    272 |   3267 |   6813 |  12 | 1061.8 |
        Temple |      1 |      0 |      1 |      0 |      0 |   1 |    1.0 |
               +--------+--------+--------+--------+--------+-----+--------+

Top non-repeatable levels by time:
     D:6: 1849 daAuts
     D:8: 1723 daAuts
     D:7: 1392 daAuts
     D:5: 1378 daAuts
     D:4: 1113 daAuts
     D:2: 1106 daAuts
     D:9: 1057 daAuts
     D:3: 1028 daAuts
    D:10: 924 daAuts
     D:1: 877 daAuts
    D:12: 191 daAuts
    D:11: 98 daAuts
  Temple: 1 daAuts
